 Dungeon Crawl Stone Soup version 0.21-a0-442-g848f44b (webtiles) character file.

21 slep the Grave Robber (level 2, 0/21 HPs)
             Began as a Demonspawn Wanderer on Nov 14, 2017.
             Slain by a goblin
             ... wielding a +0 club
              (2 damage)
             ... on level 1 of the Dungeon.
             The game lasted 00:03:45 (313 turns).

slep the Grave Robber (Demonspawn Wanderer)          Turns: 313, Time: 00:03:45

Health: 0/21       AC:  2    Str: 13    XL:     2   Next: 65%
Magic:  0/0        EV:  8    Int: 13    God:
Gold:   16         SH:  7    Dex: 11    Spells: 1/1 levels left

rFire    . . .     SeeInvis .   l - +2 hand axe (antimagic)
rCold    . . .     Gourm    .   a - +0 shield
rNeg     . . .     Faith    .   e - +0 robe
rPois    .         Spirit   .   (helmet restricted)
rElec    .         Reflect  .   (no cloak)
rCorr    .         Harm     .   (no gloves)
MR       .....                  (no boots)
Stlth    +.........             (no amulet)
HPRegen  0.07/turn              (no ring)
MPRegen  0.07/turn              (no ring)

@: no status effects
A: antennae 1
a: no special abilities


You were on level 1 of the Dungeon.
You were not hungry.

You visited 1 branch of the dungeon, and saw 1 of its levels.

You collected 16 gold pieces.

Inventory:

Hand Weapons
 d - a +0 blowgun
 i - a +0 mace
 l - a +2 antimagic hand axe (weapon)
Missiles
 c - 18 poisoned needles
Armour
 a - a +0 shield (worn)
 e - a +0 robe (worn)
Scrolls
 k - a scroll of fear {unknown}
Potions
 g - a potion of agility {unknown}
 j - a potion of ambrosia {unknown}
Books
 b - Nahurot's Handbook of Calling

   Spells                             Type                      Level
   a - Summon Small Mammal            Summoning                    1
   b - Call Canine Familiar           Summoning                    3
Comestibles
 f - a bread ration
 h - a meat ration
 m - a royal jelly


   Skills:
 + Level 1.5 Fighting
   Level 2.6 Polearms
 + Level 1.8 Throwing
 + Level 0.3 Dodging
 + Level 1.1 Stealth
 + Level 1.2 Shields
   Level 3.2 Necromancy


You had one spell level left.
You didn't know any spells.

Dungeon Overview and Level Annotations

Branches:
Dungeon (1/15)

Altars:


Innate Abilities, Weirdness & Mutations

You have a pair of small antennae on your head.


Message History

A goblin comes into view. It is wielding a club.
You barely miss the giant cockroach.
The goblin shouts!
You block the giant cockroach's attack.
You hit the giant cockroach.
The giant cockroach is severely wounded.
You block the giant cockroach's attack. x2
You hit the giant cockroach.
You kill the giant cockroach!
You closely miss the hobgoblin.
The hobgoblin is severely wounded.
The hobgoblin hits you.
* * * LOW HITPOINT WARNING * * *
You block the hobgoblin's attack.
You hit the hobgoblin.
You kill the hobgoblin!
You block the goblin's attack.
You hit the goblin but do no damage. You block the goblin's attack.
You miss the goblin. The goblin hits you with a club.
You die...

###......#########
###......###
#.......##
######.## #.# #.#
#.# #.# #@# #g#
#..# ##.# .. .##
##


You could see a goblin.

Vanquished Creatures
  A dart slug (D:1)
  A leopard gecko (D:1)
  2 bats (D:1)
  2 giant cockroaches (D:1)
  4 hobgoblins (D:1)
  A kobold (D:1)
  A frilled lizard (D:1)
  2 goblins (D:1)
  2 rats (D:1)
16 creatures vanquished.

Notes
Turn   | Place    | Note
-------+----------+-------------------------------------------
     0 | D:1      | slep the Demonspawn Wanderer began the quest for the Orb.
     0 | D:1      | slep set off with: a +0 shield, Nahurot's Handbook of Calling, 7 poisoned needles, a +0 blowgun, a +0 robe, a bread ration
     0 | D:1      | Reached XP level 1. HP: 15/15 MP: 1/1
   158 | D:1      | Gained mutation: You have a pair of small antennae on your head. [demonic ancestry]
   158 | D:1      | Reached XP level 2. HP: 21/21 MP: 2/2
   313 | D:1      | Slain by a goblin

Vault maps used:
D:1:      lightli_arrival_statue_moat, minmay_misc_feat_doors

Action                   || total
-------------------------++-------
Melee: Mace              ||    20
       Hand axe          ||    13
 Fire: Blowgun           ||    34
Armor: Robe              ||     8
Dodge: Dodged            ||    22
Block: Shield            ||    36

Table legend:
 A = Spawn XP
 B = Non-spawn XP
 C = Spawn XP percentage of total XP
 D = Spawn monster count
 E = Non-spawn monster count
 F = Spawn count percentage of total count
 G = Total turns spent on level
                    A         B        C        D         E        F      G
               +---------+---------+-------+---------+---------+-------+---------
         Total |       0 |      31 |   0.0 |       0 |      16 |   0.0 |   313
               +---------+---------+-------+---------+---------+-------+---------
           D:1 |       0 |      31 |   0.0 |       0 |      16 |   0.0 |   313
               +---------+---------+-------+---------+---------+-------+---------
